 Dungeon Crawl Stone Soup version 0.28-a0-1524-ge72afd5fc6 (webtiles) character file.

Game seed: 10444105944677731292

100 leviel the Skirmisher (level 4, -16/41 HPs)
             Began as a Hill Orc Fighter on Jan 18, 2022.
             Killed from afar by a steam dragon (19 damage)
             ... with a ball of steam
             ... on level 4 of the Dungeon.
             The game lasted 00:02:49 (2501 turns).

leviel the Skirmisher (Hill Orc Fighter)            Turns: 2501, Time: 00:02:49

Health: -16/41     AC:  8    Str: 20    XL:     4   Next: 74%
Magic:  4/4        EV:  9    Int:  8    God:
Gold:   94         SH:  4    Dex: 10    Spells: 3/3 levels left

rFire   . . .      SeeInvis .   f - +2 whip (flame)
rCold   . . .      Faith    .   c - +0 buckler
rNeg    . . .      Spirit   .   b - +0 scale mail
rPois   .          Reflect  .   (no helmet)
rElec   .          Harm     .   (no cloak)
rCorr   .          Rampage  .   (no gloves)
Will    .....                   h - +0 pair of boots
Stlth   ..........              (no amulet)
HPRegen 0.13/turn               (no ring)
MPRegen 0.09/turn               (no ring)

@: mighty
A: no striking features
a: no special abilities


You were on level 4 of the Dungeon.
You visited 1 branch of the dungeon, and saw 4 of its levels.

You collected 94 gold pieces.

Inventory:

Hand Weapons
 a - a +0 war axe
 f - a +2 whip of flaming (weapon)
Armour
 b - a +0 scale mail (worn)
 c - a +0 buckler (worn)
 h - a +0 pair of boots (worn)
Jewellery
 k - a ring of poison resistance
Scrolls
 e - a scroll of enchant armour {unknown}
 g - 2 scrolls of identify {unknown}
 i - a scroll of teleportation {unknown}
 m - a scroll of holy word {unknown}
Potions
 j - a potion of mutation {unknown}
 l - a potion of berserk rage {unknown}


   Skills:
 + Level 4.4 Fighting
 + Level 3.9 Axes
 + Level 4.0 Armour
 + Level 4.1 Shields


You had 3 spell levels left.
You didn't know any spells.
Your spell library contained the following spells:

 Spells                   Type           Power      Damage    Failure   Level
 Animate Skeleton         Necr           0%         N/A       85%         1
 Pain                     Necr           0%         1d4       85%         1
 Vampiric Draining        Necr           0%         2d6       99%         3
 Animate Armour           Summ/Erth      0%         N/A       100%        4
 Passage of Golubria      Tloc           0%         N/A       100%        4
 Blade Hands              Tmut           0%         N/A       100%        5
 Silence                  Hex/Air        0%         N/A       100%        5
 Iron Shot                Conj/Erth      0%         9d1       100%        6
 Lehudib's Crystal Spear  Conj/Erth      0%         10d2      100%        8


Dungeon Overview and Level Annotations

Branches:
Dungeon (4/15)
 Temple: D:4-7

Altars:
Zin


Message History

You enter the shallow water.
Moving in this stuff is going to be slow.
You enter the shallow water.
Moving in this stuff is going to be slow.
You now have 71 gold pieces (gained 4).
Done exploring.
Done exploring.
Done exploring.
Done exploring.
Done exploring.
(D) Dungeon
Where to? (Enter - D:3, ? - help)
You enter the shallow water.
Moving in this stuff is going to be slow.
There is a stone staircase leading down here.
You climb downwards.
Found 12 gold pieces.
There is a stone staircase leading up here.
You now have 83 gold pieces (gained 12).
l - a black potion You now have 94 gold pieces (gained 11).
m - a scroll labelled CECKAU NEEGAX A steam dragon comes into view.
A steam dragon is nearby!
A steam dragon is nearby!
A steam dragon is nearby!
Found 12 gold pieces.
You feel very mighty all of a sudden. The steam dragon breathes steam at you.
The ball of steam hits you!
You are too injured to fight recklessly!
You are engulfed in a cloud of scalding steam.
You are engulfed in a cloud of scalding steam.
The steam dragon breathes steam at you. The ball of steam hits you!!
* * * LOW HITPOINT WARNING * * *
You are engulfed in a cloud of scalding steam.
The steam dragon breathes steam at you. The ball of steam hits you!!
You die...

...........# ..# ....
...........#....# ....
..........#....# #...
#..# #..# #...#
#...###..###..###...###
+......................
#....§§................
#.$.§....$§§...........
#....D@§§§§............
#....§...§§............
##...##..##############
#... #..# #.. .....
#......... #. ........
############


You could see a steam dragon (catching breath).

Vanquished Creatures
  4 adders (D:3)
  An orc (D:3)
  6 ball pythons
  3 bats
  7 endoplasms
  5 giant cockroaches
  4 goblins
  7 hobgoblins
  2 jackals (D:1)
  3 quokkas
  9 frilled lizards
  4 kobolds
  5 rats
60 creatures vanquished.

Vanquished Creatures (others)
  25 plants (D:3)
25 creatures vanquished.

Grand Total: 85 creatures vanquished

Notes
Turn   | Place    | Note
-------+----------+-------------------------------------------
     0 | D:1      | leviel the Hill Orc Fighter began the quest for the Orb.
     0 | D:1      | Reached XP level 1. HP: 19/19 MP: 1/1
    48 | D:1      | Reached XP level 2. HP: 17/27 MP: 2/2
   664 | D:1      | Found a faded altar of an unknown god.
   740 | D:2      | Reached XP level 3. HP: 33/33 MP: 3/3
   973 | D:2      | Found a glowing silver altar of Zin.
  1827 | D:3      | Reached XP level 4. HP: 30/40 MP: 4/4
  2496 | D:4      | Noticed a steam dragon
  2500 | D:4      | HP: 2/41 [steam dragon/ball of steam (19)]
  2501 | D:4      | Killed from afar by a steam dragon

Illustrated notes

Levels and vault maps discovered:
D:1:      wander_arrival_abandoned_jail, layout_loops_ring,
          hellmonk_ecumenical_altar_leap_of_faith, minivault_11
D:2:      mumra_celtic_spiral_tile, layout_loops_ring, basic_altar,
          minmay_lizard_pond
D:3:      layout_basic, serial_bayou_lagoon_a
D:4:      layout_gridville, wad_orctagon

Skill      XL: |  1  2  3  4 |
---------------+-------------+-----
Axes           | 3 |  3.9
Fighting       | 4 |  4.4
Armour         | 4 |  4.0
Shields        | 4 |  4.1

Action                   |  1- 3 |  4- 6 || total
-------------------------+-------+-------++-------
Melee: War axe           |    13 |       ||    13
       Whip              |    90 |    39 ||   129
  Use: Potion            |       |     1 ||     1
Armor: Scale mail        |    48 |    22 ||    70
Dodge: Dodged            |    52 |    20 ||    72
Block: Buckler           |    27 |     8 ||    35

Table legend: (Time is in decaauts)
 A = Elapsed time spent in this place.
 B = Non-inter-level travel time spent in this place.
 C = Inter-level travel time spent in this place.
 D = Time resting spent in this place.
 E = Time spent auto-exploring this place.
 F = Levels seen in this place.
 G = Mean time per level.
                   A        B        C        D        E       F      G
               +--------+--------+--------+--------+--------+-----+--------+
         Total |   2517 |   2378 |    139 |      0 |   2017 |   4 |  629.2 |
       Dungeon |   2517 |   2378 |    139 |      0 |   2017 |   4 |  629.2 |
               +--------+--------+--------+--------+--------+-----+--------+

Top non-repeatable levels by time:
     D:2: 1026 daAuts
     D:3: 738 daAuts
     D:1: 719 daAuts
     D:4: 32 daAuts
